 Dungeon Crawl Stone Soup version 0.32-a0-699-g1ee5eff69a (webtiles) character file.

Game seed: 5384147542306970892

707 ragingrage the Slasher (level 7, -2/48 HPs)
             Began as a Human Hexslinger on Mar 13, 2024.
             Slain by an ogre
             ... wielding a +0 giant spiked club
              (18 damage)
             ... on level 5 of the Dungeon.
             The game lasted 00:04:38 (3305 turns).

ragingrage the Slasher (Human Hexslinger)           Turns: 3305, Time: 00:04:39

Health: -2/48      AC:  2    Str:  8    XL:     7   Next: 67%
Magic:  4/8        EV: 11    Int: 19    God:
Gold:   62         SH:  0    Dex: 18    Spells: 6/8 levels left

rFire   . . .        b - +1 long sword (elec)
rCold   . . .        (no shield)
rNeg    . . .        c - +0 robe
rPois   .            (no helmet)
rElec   .            (no cloak)
rCorr   .            (no gloves)
SInv    .            (no boots)
Will    .....        f - amulet of faith
Stlth   ++           p - +6 ring of intelligence
HPRegen 0.28/turn    (no ring)
MPRegen 0.11/turn

%: faith
@: weak-willed, jinxed, very slightly contaminated
A: explore regen
a: no special abilities


You were on level 5 of the Dungeon.
You visited 1 branch of the dungeon, and saw 6 of its levels.

You collected 62 gold pieces.

Inventory:

Hand Weapons
 a - a +1 sling
 b - a +1 long sword of electrocution (weapon)
Missiles
 g - a throwing net
Armour
 c - a +0 robe (worn)
Jewellery
 f - an amulet of faith (around neck)
 p - a +6 ring of intelligence (left hand)
Wands
 j - a wand of quicksilver (8)
 q - a wand of flame (13)
 r - a wand of paralysis (7)
Scrolls
 d - 3 scrolls of amnesia
 e - a scroll of immolation
 h - a scroll of enchant armour
 i - a scroll of revelation
 k - 2 scrolls of noise
 o - a scroll of poison
 t - a scroll of blinking {unknown}
Potions
 m - a potion of lignification {unknown}
 n - a potion of might {unknown}
 s - a potion of heal wounds


   Skills:
 - Level 1.0 Fighting
 + Level 5.6 Long Blades
 + Level 5.3 Ranged Weapons
 - Level 2.0 Dodging
 - Level 1.0 Spellcasting
 - Level 4.0 Hexes
 - Level 1.0 Fire Magic


You had 6 spell levels left.
You knew the following spells:

 Your Spells              Type           Power      Damage    Failure   Level
a - Jinxbite              Hex            32%        N/A       5%          2

Your spell library contained the following spells:

 Spells                   Type           Power      Damage    Failure   Level
 Sigil of Binding         Hex            16%        N/A       11%         3
 Summon Small Mammal      Summ           0%         N/A       19%         1
 Inner Flame              Hex/Fire       10%        N/A       21%         3
 Dazzling Flash           Conj/Hex       16%        N/A       24%         3
 Cause Fear               Hex            8%         N/A       34%         4
 Call Canine Familiar     Summ           0%         N/A       50%         3
 Mephitic Cloud           Conj/Alch/Air  0%         N/A       50%         3
 Dimensional Bullseye     Hex/Tloc       4%         N/A       63%         4
 Summon Blazeheart Golem  Fire/Summ      2%         N/A       83%         4
 Silence                  Hex/Air        4%         N/A       92%         5
 Curse of Agony           Necr           0%         N/A       99%         5


Dungeon Overview and Level Annotations

Branches:
Dungeon (7/15)
 Temple: D:4-7

Altars:
Fedhas
Wu Jian

Annotations:
D:5 exclusions: gnoll, iguana, 2 lemures and scorpion, Dowan
D:6 exclusion: downstairs


Innate Abilities, Weirdness & Mutations

You regain HP and MP as you explore.


Message History

You now have 62 gold pieces (gained 6).
s - a potion of heal wounds
Found a stone staircase leading down.
There is a stone staircase leading down here.
You feel your willpower return.
t - a scroll labelled UPUSSO OVELABYDUMO An ogre comes into view.
It is wielding a +0 giant spiked club.
An ogre is nearby!
Okay, then.
Throw: 3 javelins (silver)
Press: ? - help, Shift-Dir - straight line, f - ogre
Aim: an ogre, wielding a +0 giant spiked club (73% to hit)
You throw a silver javelin.
The silver javelin barely misses the ogre.
Throw: 2 javelins (silver)
Press: ? - help, Shift-Dir - straight line, f/p - ogre
Aim: an ogre, wielding a +0 giant spiked club (73% to hit)
You throw a silver javelin.
The silver javelin pierces through the ogre!
Throw: javelin (silver)
Press: ? - help, Shift-Dir - straight line, f/p - ogre
Aim: an ogre, wielding a +0 giant spiked club (moderately wounded, 73% to hit)
You throw a silver javelin.
The silver javelin pierces through the ogre.
Casting: Jinxbite (safe; 5% risk of failure)
You miscast Jinxbite.
You are very lightly contaminated with residual magic.
Nothing appears to happen.
The ogre hits you with a +0 giant spiked club!
You hit the ogre but do no damage.
The ogre hits you with a +0 giant spiked club!!
You barely miss the ogre.
Unknown command.
Casting: Jinxbite (safe; 5% risk of failure)
You beckon some vexing sprites to accompany your attacks.
You feel your willpower being sapped. The ogre closely misses you.
Unknown command.
You barely miss the ogre.
The ogre hits you with a +0 giant spiked club!!
You die...

....# #.....##....#
#.## ... ...#
##...##...#####..##....
##
#.......#####.........
##..............#
##.†......####..#
#..###....# #..#
#.....##....## #>.#
.....#..........# #..#
.....##.....@...###..#
....
###..O###..##..###...
#.. #...# ###..........
$ #$#..# ##.######.. #.
#(.# #.# # .#. #.# #(#.
#.. #..# ###


You could see an ogre.

Vanquished Creatures
  2 black bears
  A lemure (D:5)
  2 scorpions (D:5)
  A gnoll bouda (D:5)
  2 hounds (D:5)
  Jessica (D:2)
  Natasha (thrice) (D:2)
  3 iguanas (D:5)
  5 gnolls
  4 adders
  A white imp (D:6)
  2 ufetubi (D:5)
  2 ribbon worms (D:5)
  6 orcs
  3 endoplasms
  A giant cockroach (D:1)
  5 goblins (D:1)
  2 hobgoblins (D:1)
  4 kobolds
  7 ball pythons
  3 bats
  2 rats
62 creatures vanquished.

Notes
Turn   | Place    | Note
-------+----------+-------------------------------------------
     0 | D:1      | ragingrage the Human Hexslinger began the quest for the
                  | Orb.
     0 | D:1      | Reached XP level 1. HP: 15/15 MP: 2/2
   139 | D:1      | Reached XP level 2. HP: 16/21 MP: 3/3
   142 | D:1      | Learned a level 2 spell: Jinxbite
   282 | D:1      | Reached XP level 3. HP: 7/26 MP: 1/4
   760 | D:1      | Found a faded altar of an unknown god.
  1022 | D:2      | Noticed Jessica
  1025 | D:2      | Noticed Natasha
  1286 | D:2      | Killed Natasha
  1287 | D:2      | Reached XP level 4. HP: 30/32 MP: 1/5
  1358 | D:2      | Found an ornate altar of the Wu Jian Council.
  1517 | D:2      | Noticed Natasha
  1521 | D:2      | Killed Natasha
  1542 | D:2      | Noticed Natasha
  1548 | D:2      | Killed Natasha
  1549 | D:2      | Reached XP level 5. HP: 25/37 MP: 3/6
  1709 | D:2      | Killed Jessica
  1981 | D:3      | You fall into a shaft and drop 3 floors!
  1986 | D:7      | Noticed a steam dragon
  1991 | D:6      | Noticed a black bear
  2103 | D:7      | Noticed a black bear
  2115 | D:7      | Killed a black bear
  2116 | D:7      | Reached XP level 6. HP: 34/43 MP: 4/7
  2280 | D:6      | Killed a black bear
  2326 | D:5      | Entered Level 5 of the Dungeon
  2350 | D:5      | Reached XP level 7. HP: 29/48 MP: 6/8
  2436 | D:5      | Noticed Dowan
  2699 | D:5      | Reached skill level 5 in Long Blades
  2764 | D:5      | Found a blossoming altar of Fedhas.
  2875 | D:5      | Reached skill level 5 in Ranged Weapons
  3305 | D:5      | Slain by an ogre

Illustrated notes

Levels and vault maps discovered:
D:1:      scummos_arrival_simple_crosswalls, layout_basic,
          ebering_ecumenical_altar_box, chequers_serial_rivers_room_a,
          grunt_decor_resistance, minmay_misc_feat_four_crosses
D:2:      layout_rooms, basic_altar, uniq_jessica, uniq_natasha
D:3:      layout_loops_cross, slow_altar_1, corexii_shack, glass_columns_a,
          minmay_fractal_squares_5, uniq_grinder, uniq_terence,
          uniq_crazy_yiuf_cottage
D:5:      layout_layer_cave, fedhas_altar_2, kennysheep_donut, uniq_duvessa,
          uniq_edmund, uniq_pikel
D:6:      layout_loops_cross, minmay_temple_entry_fiery,
          gup_sewer_entry_bubbles, uniq_eustachio
D:7:      layout_cave_pods, hellmonk_ghost_happy_afterlife,
          minmay_misc_feat_plants, nicolae_shop_self_help

Skill      XL: |  1  2  3  4  5  6  7 |
---------------+----------------------+-----
Ranged Weapons | 3 4 5 |  5.3
Hexes          | 4 |  4.0
Long Blades    | 2 4 5 |  5.6
Fighting       | |  1.0
Dodging        | |  2.0
Spellcasting   | |  1.0
Fire Magic     | |  1.0

Action                     |  1- 3 |  4- 6 |  7- 9 || total
---------------------------+-------+-------+-------++-------
  Melee: Long sword        |       |    30 |    52 ||    82
   Fire: Sling             |    69 |    22 |       ||    91
  Throw: Javelin           |       |       |     3 ||     3
   Cast: Jinxbite          |     6 |    10 |    13 ||    29
  Evoke: Wand              |       |       |     3 ||     3
    Use: Scroll            |       |     5 |     1 ||     6
         Potion            |       |       |     1 ||     1
   Stab: Sleeping          |       |     2 |       ||     2
 Armour: Robe              |    26 |    34 |    27 ||    87
  Dodge: Dodged            |    16 |    29 |    41 ||    86

Table legend: (Time is in decaauts)
 A = Elapsed time spent in this place.
 B = Non-inter-level travel time spent in this place.
 C = Inter-level travel time spent in this place.
 D = Time resting spent in this place.
 E = Time spent auto-exploring this place.
 F = Levels seen in this place.
 G = Mean time per level.
                   A        B        C        D        E       F      G
               +--------+--------+--------+--------+--------+-----+--------+
         Total |   3347 |   3121 |    226 |    616 |   1794 |   6 |  557.8 |
       Dungeon |   3347 |   3121 |    226 |    616 |   1794 |   6 |  557.8 |
               +--------+--------+--------+--------+--------+-----+--------+

Top non-repeatable levels by time:
     D:1: 1193 daAuts
     D:5: 990 daAuts
     D:2: 745 daAuts
     D:6: 221 daAuts
     D:7: 127 daAuts
     D:3: 68 daAuts
